 Dungeon Crawl Stone Soup version 0.21-a0-170-g0398fc9 (webtiles) character file.

156 stigmas the Insei (level 5, -1/37 HPs)
             Began as a Demonspawn Transmuter on Aug 6, 2017.
             Slain by a frilled lizard (3 damage)
             ... on level 3 of the Dungeon.
             The game lasted 00:05:42 (3347 turns).

stigmas the Insei (Demonspawn Transmuter)           Turns: 3347, Time: 00:05:42

Health: -1/37      AC:  2    Str: 11    XL:     5   Next: 14%
Magic:  8/8        EV: 13    Int: 15    God:
Gold:   120        SH:  4    Dex: 13    Spells: 4/8 levels left

rFire    . . .     SeeInvis .     - Unarmed
rCold    . . .     Gourm    .   (no shield)
rNeg     . . .     Faith    .   b - +0 robe
rPois    .         Spirit   .   (helmet restricted)
rElec    .         Reflect  .   (no cloak)
rCorr    .         Harm     .   (no gloves)
MR       .....                  (no boots)
Stlth    +.........             (no amulet)
HPRegen  0.12/turn              (no ring)
MPRegen  0.11/turn              (no ring)

@: no status effects
A: antennae 1, large bone plates 1, sense surroundings 1
a: no special abilities


You were on level 3 of the Dungeon.
You were not hungry.

You visited 1 branch of the dungeon, and saw 3 of its levels.

You collected 120 gold pieces.

Inventory:

Missiles
 a - 49 arrows
Armour
 b - a +0 robe (worn)
Scrolls
 e - a scroll of remove curse {unknown}
 f - a scroll of immolation {unknown}
 h - a scroll of noise {unknown}
 j - a scroll of amnesia {unknown}
 m - 2 scrolls of teleportation {unknown}
 n - a scroll of identify {unknown}
Potions
 g - a potion of agility
 k - a potion of mutation
Books
 c - a book of Changes

   Spells                             Type                      Level
   a - Beastly Appendage              Transmutation                1
   b - Sticks to Snakes               Transmutation                2
   c - Spider Form                    Transmutation/Poison         3
   d - Ice Form                       Ice/Transmutation            4
   e - Blade Hands                    Transmutation                5
Comestibles
 d - a bread ration
 i - 3 meat rations


   Skills:
 + Level 1.1 Fighting
 + Level 2.6 Dodging
 + Level 4.3 Unarmed Combat
 + Level 2.2 Spellcasting
 + Level 2.1 Transmutations
 + Level 1.1 Poison Magic


You had 4 spell levels left.
You knew the following spells:

 Your Spells              Type           Power        Failure   Level  Hunger
a - Beastly Appendage     Tmut           #.....       9%          1    #......
b - Spider Form           Tmut/Pois      #.........   32%         3    ###....


Dungeon Overview and Level Annotations

Branches:
Dungeon (3/15)

Altars:


Innate Abilities, Weirdness & Mutations

You have a pair of small antennae on your head.
You are partially covered in large bone plates. (SH +4)
You passively map a small area around you.


Message History

The frilled lizard misses you. You block the jackal skeleton's attack.
The frilled lizard completely misses you.
The jackal skeleton bites you.
* * * LOW HITPOINT WARNING * * *
The frilled lizard bites you but does no damage.
The jackal skeleton closely misses you. You block the frilled lizard's attack.
The jackal skeleton barely misses you. The jackal skeleton bites you.
* * * LOW HITPOINT WARNING * * *
The frilled lizard bites you but does no damage.
The jackal skeleton bites you.
* * * LOW HITPOINT WARNING * * *
The frilled lizard bites you.
* * * LOW HITPOINT WARNING * * *
The jackal skeleton closely misses you. You block the frilled lizard's attack.
The jackal skeleton closely misses you. You block the frilled lizard's attack.
The jackal skeleton closely misses you. The frilled lizard bites you.
You die...

,...,, #.# #.# *
.... #.#####.# ,
*, .... #.#^....#
, , .....
#.#.######
....##.#......# ,
, , .....#....#.#
* ##..##.#.#,* ,
#,#..))..#.#.#
#.##.#.l@.......#
,,
#......Z#####.###
####....# .# ,
,#....#,, .#
#....# ## *,
,#....., , *
#<...## * *
#..### * , , ...
,


You could see a frilled lizard and a jackal skeleton.

Vanquished Creatures
  7 gnolls
  3 adders (D:2)
  An ooze (D:1)
  4 leopard geckos
  An orc (D:3)
  3 giant cockroaches
  4 goblins
  4 hobgoblins
  9 jackals
  7 bats
  2 frilled lizards
  5 kobolds
  6 rats
56 creatures vanquished.

Notes
Turn   | Place    | Note
-------+----------+-------------------------------------------
     0 | D:1      | stigmas the Demonspawn Transmuter began the quest for the Orb.
     0 | D:1      | Reached XP level 1. HP: 15/15 MP: 3/3
   176 | D:1      | Reached skill level 3 in Unarmed Combat
   176 | D:1      | Gained mutation: You are partially covered in large bone plates. (SH +4) [demonic ancestry]
   176 | D:1      | Reached XP level 2. HP: 15/21 MP: 5/5
  1493 | D:2      | Reached XP level 3. HP: 16/26 MP: 4/6
  1994 | D:2      | Learned a level 3 spell: Spider Form
  2153 | D:2      | Gained mutation: You are resistant to electric shocks. (rElec) [potion of mutation]
  2153 | D:2      | Lost mutation: You are resistant to electric shocks. (rElec) [potion of mutation]
  2153 | D:2      | Gained mutation: You passively map a small area around you. [potion of mutation]
  2159 | D:2      | Reached skill level 4 in Unarmed Combat
  2159 | D:2      | Reached XP level 4. HP: 6/32 MP: 2/7
  3252 | D:3      | Reached skill level 1 in Poison Magic
  3252 | D:3      | Gained mutation: You have a pair of small antennae on your head. [demonic ancestry]
  3252 | D:3      | Reached XP level 5. HP: 26/37 MP: 5/8
  3344 | D:3      | HP: 1/37 [frilled lizard (3)]
  3347 | D:3      | Slain by a frilled lizard

Vault maps used:
D:1:      onia_arrival_handbag
D:2:      minmay_tromino_v4_a
D:3:      grunt_temple_overflow_cloverleaf, st_stairs_5

Skill      XL: |  1  2  3  4 |
---------------+-------------+-----
Unarmed Combat | 3 4 |  4.3
Transmutations | 2 |  2.1
Dodging        | 2 |  2.6
Poison Magic   | 1 |  1.1
Fighting       | |  1.1
Spellcasting   | |  2.2

Action                   |  1- 3 |  4- 6 || total
-------------------------+-------+-------++-------
Melee: Unarmed           |   147 |    60 ||   207
       Headbutt          |     1 |       ||     1
       Kick              |       |     1 ||     1
 Cast: Beastly Appendage |     2 |     1 ||     3
       Spider Form       |     2 |     3 ||     5
  Use: Potion            |     2 |       ||     2
 Stab: Sleeping          |     4 |       ||     4
  Eat: Chunk             |     4 |     5 ||     9
Armor: Robe              |    14 |    24 ||    38
       Skin              |       |     1 ||     1
Dodge: Dodged            |    90 |   114 ||   204
Block: Other             |    19 |    26 ||    45
